 Dungeon Crawl Stone Soup version 0.30-a0-939-gc8157cb160 (webtiles) character file.

Game seed: 5384797403887275621

294 cheesebisquit the Grave Robber (level 6, -3/45 HPs)
             Began as a Ghoul Necromancer on Mar 25, 2023.
             Slain by a crimson imp (4 damage)
             ... summoned by Natasha
             ... on level 3 of the Dungeon.
             The game lasted 00:08:34 (4101 turns).

cheesebisquit the Grave Robber (Ghoul Necromancer)  Turns: 4101, Time: 00:08:34

Health: -3/45      AC:  4    Str: 12    XL:     6   Next: 34%
Magic:  1/10       EV: 12    Int: 12    God:
Gold:   28         SH:  0    Dex:  9    Spells: 10/11 levels left

rFire   + . .      SeeInvis .    (no weapon)
rCold   + + .      Faith    .    (no shield)
rNeg    + + +      Spirit   .    l - +2 robe {rC+}
rPois   ∞          Reflect  .    (no helmet)
rElec   .          Rampage  .    (no cloak)
rCorr   .                        (no gloves)
Will    .....                    (no boots)
Stlth   ++                       (no amulet)
HPRegen 0.00/turn                o - ring of protection from fire
MPRegen 0.12/turn                (no ring)

@: brilliant, inhibited regen
A: claws 1, cold resistance 1, negative energy resistance 3, inhibited
regeneration, torment resistance 2, devour on kill
a: no special abilities


You were on level 3 of the Dungeon.
You visited 1 branch of the dungeon, and saw 3 of its levels.

You collected 28 gold pieces.

Inventory:

Missiles
 g - 8 poisoned darts
 j - 5 boomerangs of dispersal
Armour
 l - a +2 robe of cold resistance (worn)
Jewellery
 o - a ring of protection from fire (left claw)
Wands
 q - a wand of roots (5)
 r - a wand of digging (7)
Scrolls
 a - a scroll of enchant armour {unknown}
 b - 2 scrolls of enchant weapon {unknown}
 c - a scroll of blinking {unknown}
 e - 3 scrolls of immolation
 f - 3 scrolls of amnesia {unknown}
 h - a scroll of fog {unknown}
 i - a scroll of magic mapping {unknown}
 m - 2 scrolls of identify {unknown}
Potions
 k - a potion of flight {unknown}
 n - a potion of curing {unknown}
 p - a potion of attraction {unknown}
 s - a potion of degeneration {unknown}


   Skills:
 - Level 1.8 Dodging
 - Level 2.3 Stealth
 + Level 3.3 Spellcasting
 * Level 6.4 Necromancy


You had 10 spell levels left.
You knew the following spells:

 Your Spells              Type           Power      Damage    Failure   Level
a - Necrotise             Necr           100%       1d9       1%          1

Your spell library contained the following spells:

 Spells                   Type           Power      Damage    Failure   Level
 Vampiric Draining        Necr           26%        2d7       4%          3
 Animate Dead             Necr           26%        N/A       17%         4
 Agony                    Necr           26%        N/A       43%         5
 Gell's Gravitas          Tloc           3%         N/A       56%         3
 Teleport Other           Tloc           3%         N/A       56%         3
 Dispersal                Tloc           1%         N/A       100%        6


Dungeon Overview and Level Annotations

Branches:
Dungeon (3/15)

Altars:
Trog

Shops:
D:2 *

Annotations:
D:3 Natasha


Innate Abilities, Weirdness & Mutations

You are immune to poison.
You have sharp fingernails.
Your flesh is cold resistant. (rC+)
You are immune to negative energy. (rN+++)
You do not regenerate when monsters are visible.
You are immune to unholy pain and torment.
You thrive by killing the living.


Message History

Natasha howls an incantation.
You feel troubled. Natasha barely misses you.
The shadow imp hits you but does no damage.
Aiming: Necrotise (safe; 1% risk of failure)
Press: ? - help, Q - select action, (/) - cycle Shift-Dir - straight line, f/p - Natasha
Aim: Natasha, carrying a wand of flame (20) (severely wounded, chance to affect: 75%) Natasha writhes in agony.
Natasha casts a spell.
The shadow imp hits you. The crimson imp hits you.
You don't have enough magic to cast this spell.
You don't have enough magic to cast this spell.
Okay, then.
You scratch Natasha but do no damage.
Natasha is almost dead.
Natasha casts a spell at you. The magic dart hits you!
* * * LOW HITPOINT WARNING * * *
The crimson imp sputters.
The crimson imp hits you but does no damage.
The shadow imp closely misses you.
The crimson imp attacks as you move away!
The crimson imp barely misses you.
The shadow imp attacks as you move away!
The shadow imp hits you.
* * * LOW HITPOINT WARNING * * *
Natasha barely misses you.
You closely miss Natasha.
Natasha is almost dead.
Natasha closely misses you. The white imp completely misses you.
The shadow imp hits you but does no damage.
It was a potion of brilliance.
You feel clever all of a sudden.
Natasha howls an incantation.
Natasha glows brightly for a moment.
Natasha zaps a wand.
The puff of flame hits you. You resist.
* * * LOW HITPOINT WARNING * * *
The white imp shouts, "Slither home, thou mildewed bat-fowling mammet!"
The white imp barely misses you. The crimson imp hits you.
You die...

# ##### #.#....#########.#.## #
#................#.#. #
##################.#. #
#.................#. #
######.................##
#########........................
........#.####.................##
...........# #.5h5..##########.#
#######.#..# #.5@...# #.#
#######.#..###################.#
........#..#...................#
#########..#.###################
.#.........#.# .#.#######.#.#
######## ##.#.....#.#.# #.......
#.#.##.##.#.# #.######
#.#.......#.# #.######


You could see Natasha, a crimson imp (summoned), a white imp (summoned) and a
shadow imp (summoned).

Vanquished Creatures
  Sigmund (D:2)
  Jessica (D:2)
  Natasha (D:3)
  Terence (D:2)
  3 worms (D:3)
  3 dart slugs
  An orc (D:3)
  2 bats
  An endoplasm (D:3)
  2 giant cockroaches (D:3)
  6 goblins
  6 hobgoblins
  6 jackals (D:2)
  A quokka (D:3)
  4 ball pythons
  A frilled lizard (D:2)
  2 kobolds
  2 rats
44 creatures vanquished.

Vanquished Creatures (collateral kills)
  A goblin (D:1)
  A hobgoblin (D:2)
  A jackal (D:2)
  A kobold (D:2)
4 creatures vanquished.

Grand Total: 48 creatures vanquished

Notes
Turn   | Place    | Note
-------+----------+-------------------------------------------
     0 | D:1      | cheesebisquit the Ghoul Necromancer began the quest for the
                  | Orb.
     0 | D:1      | Reached XP level 1. HP: 14/14 MP: 2/2
   175 | D:1      | Reached XP level 2. HP: 20/20 MP: 0/3
   679 | D:1      | Found a faded altar of an unknown god.
   843 | D:2      | Noticed Jessica
   847 | D:2      | Killed Jessica
   848 | D:2      | Reached XP level 3. HP: 26/26 MP: 1/5
  1064 | D:2      | Reached skill level 5 in Necromancy
  1064 | D:2      | Reached XP level 4. HP: 30/33 MP: 3/6
  1291 | D:2      | Noticed Terence
  1302 | D:2      | Killed Terence
  1409 | D:2      | Found Sosoffumaa's General Store.
  1567 | D:2      | Noticed Sigmund
  2144 | D:2      | Killed Sigmund
  2145 | D:2      | Reached skill level 6 in Necromancy
  2145 | D:2      | Reached XP level 5. HP: 38/38 MP: 1/8
  2145 | D:2      | Reached XP level 6. HP: 45/45 MP: 1/9
  2912 | D:3      | Noticed Natasha
  2919 | D:3      | Killed Natasha
  3363 | D:3      | Found a bloodstained altar of Trog.
  4083 | D:3      | Noticed Natasha
  4101 | D:3      | HP: 1/45 [Natasha/puff of flame (3)]
  4101 | D:3      | Slain by a crimson imp

Illustrated notes

Levels and vault maps discovered:
D:1:      minmay_arrival_doors, layout_loops_ring,
          hellmonk_ecumenical_altar_blasted, minmay_distorted
D:2:      layout_loops_ring, serial_shops, nicolae_shop_hallway_plus,
          uniq_jessica, uniq_sigmund, uniq_terence
D:3:      layout_basic, trog_three_pillars_becter, serial_park_tiny_pond,
          uniq_natasha

Skill      XL: |  1  2  3  4 |
---------------+-------------+-----
Spellcasting   | 2 3 |  3.3
Necromancy     | 5 6 |  6.4
Dodging        | |  1.8
Stealth        | |  2.3

Action                     |  1- 3 |  4- 6 || total
---------------------------+-------+-------++-------
  Melee: Unarmed           |    14 |     2 ||    16
   Cast: Necrotise         |    34 |    99 ||   133
    Use: Potion            |       |     2 ||     2
 Armour: Robe              |     3 |     9 ||    12
  Dodge: Dodged            |     8 |    37 ||    45

Table legend: (Time is in decaauts)
 A = Elapsed time spent in this place.
 B = Non-inter-level travel time spent in this place.
 C = Inter-level travel time spent in this place.
 D = Time resting spent in this place.
 E = Time spent auto-exploring this place.
 F = Levels seen in this place.
 G = Mean time per level.
                   A        B        C        D        E       F      G
               +--------+--------+--------+--------+--------+-----+--------+
         Total |   4104 |   3975 |    129 |    434 |   3121 |   3 | 1368.0 |
       Dungeon |   4104 |   3975 |    129 |    434 |   3121 |   3 | 1368.0 |
               +--------+--------+--------+--------+--------+-----+--------+

Top non-repeatable levels by time:
     D:3: 1497 daAuts
     D:2: 1429 daAuts
     D:1: 1178 daAuts
